Map: Acolyte LE

Players

Juxtapose - Winner!

  • Race: Protoss Protoss
  • League: Silver
  • Spawn Location: 7:00

Starfoxx

  • Race: Zerg Zerg
  • League: Silver
  • Spawn Location: 1:00

VOD

https://youtu.be/HjuB7eTpI14

Description

Another fun match, and I'm really surprised by how well I'm playing as Protoss, considering they were my worst Race when I was playing Unranked. Now, they're my best with a 63% win percentage as of this typing.

Time

  • Played on: July 31, 2017, 7:59 p.m.
  • Length: 11:35
Show
View Real Time Build Order
Export as new Build Order

Juxtapose Protoss - Winner!

Build Orders: Oracle Opening 

Get SALT Encoding   

  12  0:01  Probe (Chrono Boost)  
  13  0:12  Probe (Chrono Boost)  
  14  0:21  Pylon  
  14  0:22  Probe (Chrono Boost)  
  15  0:39  Probe (Chrono Boost)  
  15  0:42  Gateway  
  16  0:50  Probe (Chrono Boost)  
  16  0:54  Pylon  
  17  1:00  Probe (Chrono Boost)  
  17  1:02  Assimilator  
  18  1:11  Probe (Chrono Boost)  
  19  1:18  Pylon  
  19  1:21  Probe (Chrono Boost)  
  20  1:32  Cybernetics Core, Probe (Chrono Boost)  
  21  1:38  Assimilator  
  21  1:42  Probe (Chrono Boost)  
  22  1:52  Zealot  
  22  1:53  Probe (Chrono Boost)  
  25  2:07  Pylon  
  25  2:11  Mothership Core (Chrono Boost)  
  27  2:16  Warp Gate (Chrono Boost)  
  27  2:47  Stargate  
  27  2:57  Nexus  
  27  2:58  Pylon  
  27  3:00  Pylon  
  27  3:05  Pylon  
  27  3:07  Probe (Chrono Boost)  
  28  3:31  Oracle (Chrono Boost)  
  31  3:41  Gateway  
  31  3:42  Pylon  
  31  3:48  Gateway  
  31  3:52  Gateway  
  31  4:14  Probe  
  31  4:15  Probe  
  33  4:23  Stalker  
  35  4:24  Probe  
  35  4:27  Probe  
  37  5:13  Robotics Facility  
  37  5:17  Forge  
  37  5:19  Zealot  
  37  5:20  Zealot x3  
  45  5:23  Probe  
  45  5:25  Probe  
  47  5:31  Twilight Council  
  47  5:34  Probe  
  48  5:37  Probe  
  49  5:42  Assimilator  
  49  5:44  Probe  
  49  5:46  Assimilator  
  49  5:48  Stalker x2  
  49  5:49  Probe, Stalker x2  
  59  6:04  Probe  
  59  6:05  Probe  
  59  6:06  Robotics Bay  
  61  6:14  Probe  
  61  6:17  Probe  
  63  6:21  Protoss Ground Weapons Level 1 (Chrono Boost)  
  63  6:24  Sentry x2  
  63  6:25  Sentry, Probe  
  69  6:29  Probe  
  71  6:35  Probe  
  71  6:39  Observer  
  73  6:46  Probe x2  
  74  6:47  Robotics Facility  
  75  6:58  Probe  
  75  6:59  Charge (Chrono Boost)  
  76  7:04  Colossus  
  82  7:12  Probe  
  83  7:28  Extended Thermal Lance  
  83  7:35  Zealot  
  83  7:36  Zealot x3  
  91  7:44  Pylon  
  91  7:47  Pylon  
  91  7:57  Phoenix  
  93  8:09  Colossus  
  93  8:12  Immortal  
  103  8:14  Zealot x2  
  103  8:15  Zealot  
  109  8:23  Pylon  
  109  8:26  Pylon  
  109  8:41  Phoenix  
  111  8:42  Nexus  
  111  8:43  Pylon  
  109  8:54  Probe  
  103  9:04  Protoss Ground Armor Level 1  
  103  9:05  Immortal, Warp Prism  
  103  9:06  Probe  
  110  9:13  Zealot x2  
  110  9:14  Zealot  
  116  9:33  Phoenix  
  118  9:42  Pylon  
  118  9:44  Immortal  
  122  9:46  Pylon  
  122  9:48  Assimilator  
  122  9:52  Assimilator  
  122  10:01  Probe  
  123  10:11  Probe  
  123  10:12  Colossus  
  130  10:22  Probe  
  131  10:32  Stalker x2  
  131  10:33  Stalker x2  
  95  11:07  Stalker  
  95  11:08  Stalker x3  
  95  11:11  Mothership Core  
  107  11:22  Probe  
  108  11:34  Gateway  
Show
View Real Time Build Order
Export as new Build Order

Starfoxx Zerg 

Build Orders: Hatch First 

Get SALT Encoding   

  12  0:01  Drone  
  13  0:12  Overlord  
  13  0:17  Drone  
  14  0:33  Drone  
  15  0:49  Hatchery  
  14  0:50  Drone  
  15  1:07  Spawning Pool  
  15  1:09  Drone  
  15  1:16  Extractor  
  14  1:20  Drone  
  14  1:21  Drone  
  14  1:23  Drone  
  17  1:43  Drone  
  18  1:52  Drone  
  19  1:56  Zergling x2  
  19  2:00  Queen  
  22  2:16  Zergling x2  
  22  2:22  Hatchery  
  22  2:26  Evolution Chamber  
  22  2:27  Metabolic Boost  
  21  2:31  Zergling x2  
  21  2:35  Drone  
  23  2:39  Drone  
  24  2:47  Overlord  
  24  3:01  Queen  
  26  3:11  Drone  
  27  3:15  Zerg Missile Weapons Level 1  
  28  3:20  Drone x2  
  28  3:25  Extractor  
  28  3:26  Drone x3  
  31  3:29  Drone  
  32  3:35  Overlord  
  32  3:45  Drone x3  
  35  3:57  Lair  
  35  4:09  Queen  
  37  4:10  Overlord  
  37  4:19  Pneumatized Carapace  
  37  4:25  Drone  
  38  4:36  Drone x2  
  38  4:37  Drone x5  
  38  4:38  Drone  
  42  5:04  Drone  
  42  5:05  Drone  
  44  5:08  Overlord  
  44  5:09  Overlord x3  
  44  5:23  Queen  
  44  5:24  Queen  
  48  5:29  Drone x4  
  48  5:30  Drone x5  
  57  5:49  Drone x4  
  61  5:50  Drone  
  61  5:53  Extractor  
  61  5:57  Spire  
  61  6:02  Zerg Missile Weapons Level 2  
  60  6:09  Infestation Pit  
  60  6:11  Roach Warren  
  58  6:19  Drone x4  
  58  6:22  Zergling x6  
  65  6:33  Zergling x6  
  65  6:35  Overlord x2  
  68  6:42  Queen  
  70  6:52  Overlord  
  74  6:54  Roach x4  
  74  6:55  Roach x4  
  74  7:00  Hive  
  86  7:07  Drone  
  86  7:08  Drone, Extractor  
  87  7:11  Mutalisk x3  
  93  7:25  Mutalisk  
  93  7:26  Mutalisk  
  93  7:27  Zergling x10  
  93  7:28  Zergling x4  
  104  7:40  Queen  
  106  7:48  Overlord x3  
  106  7:57  Overseer  
  106  8:05  Overlord x2  
  106  8:06  Overlord x3  
  106  8:07  Overlord  
  106  8:08  Mutalisk x2  
  106  8:11  Roach  
  106  8:12  Roach x3  
  118  8:21  Roach x3  
  124  8:39  Roach x2  
  124  8:40  Roach x4  
  124  8:41  Roach  
  136  9:00  Corruptor  
  132  9:06  Drone x2  
  132  9:07  Drone x2  
  136  9:28  Overlord x3  
  136  9:29  Overlord x6  
  136  9:30  Overlord x3  
  136  9:35  Burrow  
  136  9:44  Evolution Chamber  
  135  9:49  Extractor  
  135  9:50  Extractor, Corruptor  
  135  10:01  Adrenal Glands  
  135  10:14  Overlord  
  135  10:15  Zergling x10  
  135  10:16  Zergling x8  
  144  10:33  Overseer x2  
  144  10:35  Mutalisk x2  
  146  10:46  Queen  
  128  10:51  Mutalisk x2  
  113  10:58  Roach  
  113  10:59  Zergling x2, Roach x3  
  113  11:00  Zergling x12  
Tags
 
Add a new tag
Caveats
  • Supply blocks, unpowered buildings, or Contaminate may cause inaccurate times.
  • Supply counts are checked every 10 seconds.